 Dungeon Crawl Stone Soup version 0.21-a0-95-g06f091e (webtiles) character file.

12471 Ordine the Thaumaturge (level 11, -7/62 HPs)
             Began as a Deep Elf Wizard on July 4, 2017.
             Was a Priest of Vehumet.
             Mangled by a yak (18 damage)
             ... on level 1 of the Lair of Beasts.
             The game lasted 00:59:06 (15871 turns).

Ordine the Thaumaturge (Deep Elf Wizard)           Turns: 15871, Time: 00:59:07

Health: -7/62      AC:  6    Str:  4    XL:     11   Next: 62%
Magic:  15/26      EV: 16    Int: 27    God:    Vehumet [***...]
Gold:   415        SH:  7    Dex: 13    Spells: 9/29 levels left

rFire    + . .     SeeInvis .   p - +2 dagger (venom)
rCold    + . .     Gourm    .   G - +2 buckler {reflect}
rNeg     . . .     Faith    .   z - +0 robe {rF+}
rPois    .         Spirit   .   t - +2 helmet
rElec    .         Reflect  +   (no cloak)
rCorr    .         Harm     .   (no gloves)
MR       +....                  f - +0 pair of boots
Stlth    +++.......             (no amulet)
HPRegen  0.20/turn              i - ring of protection from cold
MPRegen  0.20/turn              (no ring)

@: no status effects
A: no striking features
a: Renounce Religion


You were on level 1 of the Lair of Beasts.
You worshipped Vehumet.
Vehumet was most pleased with you.
You were very hungry.

You visited 3 branches of the dungeon, and saw 13 of its levels.
You also visited: Sewer.

You collected 597 gold pieces.
You spent 182 gold pieces at shops.

Inventory:

Hand Weapons
 p - a +2 dagger of venom (weapon)
Armour
 e - a +2 robe of cold resistance
 f - a +0 pair of boots (worn)
 t - a +2 helmet (worn)
 z - a +0 robe of fire resistance (worn)
 G - a +2 buckler of reflection (worn)
Jewellery
 i - a ring of protection from cold (left hand)
Wands
 w - a wand of iceblast (7/15)
 A - a wand of disintegration (6/24)
 K - a wand of acid (4/15)
Scrolls
 u - 6 scrolls of remove curse
 y - a scroll of teleportation
 B - 3 scrolls of amnesia
 D - a scroll of blinking
 E - 4 scrolls of enchant weapon
 F - a scroll of fog
 H - a scroll of enchant armour
Potions
 a - 2 potions of might
 h - 4 potions of heal wounds
 j - a potion of berserk rage
 k - 2 potions of haste
 m - 6 potions of flight
 o - 2 potions of cancellation
 r - 7 potions of curing
 v - 2 potions of agility {unknown}
 x - a potion of lignification {unknown}
 I - 2 potions of resistance {unknown}
Books
 b - a book of Misfortune

   Spells                             Type                      Level
   a - Confusing Touch                Hexes                        1
   b - Confuse                        Hexes                        3
   c - Gell's Gravitas                Translocation                3
   d - Petrify                        Transmutation/Earth          4
   e - Metabolic Englaciation         Hexes/Ice                    5
   f - Yara's Violent Unravelling     Hexes/Transmutation          5
 c - a book of Minor Magic

   Spells                             Type                      Level
   a - Magic Dart                     Conjuration                  1
   b - Blink                          Translocation                2
   c - Call Imp                       Summoning                    2
   d - Slow                           Hexes                        2
   e - Conjure Flame                  Conjuration/Fire             3
   f - Mephitic Cloud                 Conjuration/Poison/Air       3
 l - a book of Power

   Spells                             Type                      Level
   a - Iskenderun's Battlesphere      Conjuration/Charms           5
   b - Venom Bolt                     Conjuration/Poison           5
   c - Bolt of Magma                  Conjuration/Fire/Earth       5
   d - Iron Shot                      Conjuration/Earth            6
   e - Orb of Destruction             Conjuration                  7
   f - Spellforged Servitor           Conjuration/Summoning        7
 q - a book of Frost

   Spells                             Type                      Level
   a - Freeze                         Ice                          1
   b - Throw Frost                    Conjuration/Ice              2
   c - Ozocubu's Armour               Charms/Ice                   3
   d - Throw Icicle                   Conjuration/Ice              4
   e - Summon Ice Beast               Ice/Summoning                4
 J - a book of Cantrips

   Spells                             Type                      Level
   a - Confusing Touch                Hexes                        1
   b - Animate Skeleton               Necromancy                   1
   c - Summon Small Mammal            Summoning                    1
   d - Apportation                    Translocation                1
Comestibles
 d - 11 bread rations
 g - 8 royal jellies
 n - 8 fruits
 s - 4 meat rations


   Skills:
 + Level 4.7 Fighting
 + Level 6.8 Short Blades
 - Level 2.0 Armour
 + Level 7.8 Dodging
 - Level 7.0 Stealth
 - Level 4.0 Shields
 + Level 9.8 Spellcasting
 + Level 9.2 Conjurations
 - Level 7.0 Charms
   Level 1.1 Summonings
 - Level 2.0 Translocations
 * Level 4.6 Fire Magic
 - Level 3.0 Air Magic


You had 9 spell levels left.
You knew the following spells:

 Your Spells              Type           Power        Failure   Level  Hunger
a - Magic Dart            Conj           ####         1%          1    None
b - Blink                 Tloc           N/A          2%          2    None
c - Conjure Flame         Conj/Fire      ######..     1%          3    None
d - Mephitic Cloud        Conj/Pois/Air  #####...     1%          3    None
e - Iskenderun's Battles  Conj/Chrm      ######..     1%          5    ####...
f - Bolt of Magma         Conj/Fire/Erth #####.....   5%          5    ####...
g - Apportation           Tloc           ###...       1%          1    None


Dungeon Overview and Level Annotations

Branches:
Dungeon (10/15)            Temple (1/1) D:5            Lair (2/6) D:9
    Orc (0/2) D:9
  Swamp: Lair:2-4    Shoals: Lair:2-4     Snake: Lair:2-4    Spider: Lair:2-4

Altars:
Ashenzari
Cheibriados
Dithmenos
Elyvilon
Fedhas
Gozag
Hepliaklqana
Kikubaaqudgha
Makhleb
Nemelex Xobeh
Okawaru
Qazlal
Ru
Sif Muna
Trog
Uskayaw
Vehumet
Wu Jian
Xom
Yredelemnul
Zin
The Shining One

Shops:
D:6 [   D:8 [   D:9 }   D:10 %

Annotations:
Lair:2 Urug


Message History

There is a stone staircase leading up, spattered with blood here.
The yak gores you! The yak barely misses you. x2
Urug shouts!
You climb upwards.
There is a stone staircase leading down, spattered with blood here.
Casting: Magic Dart
Confirm with . or Enter, or press ? or * to list all spells.
You conjure a globe of magical energy.
The yak misses you. The yak gores you! x2
* * * LOW HITPOINT WARNING * * *
Casting: Iskenderun's Battlesphere
Confirm with . or Enter, or press ? or * to list all spells.
You blink.
The yak gores your battlesphere!!
Your battlesphere is destroyed!
Casting: Blink
Confirm with . or Enter, or press ? or * to list all spells.
You conjure a globe of magical energy.
You are feeling very hungry.
The yak gores you!!
You die...

......................##
..............>.......##
.......................#
......................##
.......................#
......................##
..............*.Y.....#
................YY....#
................@.....#
......................#
......................#
......................#
......................#
......................#
......................#
...............#.#.##.#
................#####.#


You could see 3 yaks and a friendly battlesphere.

Vanquished Creatures
  2 two-headed ogres
  Pikel (D:8)
  Psyche (D:7)
  4 spiny frogs (Lair:1)
  5 komodo dragons (Lair:1)
  4 hippogriffs
  Sigmund (D:5)
  11 yaks
  A vampire (D:10)
  A wyvern (D:10)
  Eustachio (D:5)
  A basilisk (Lair:1)
  A water moccasin (Lair:1)
  2 orc warriors (D:9)
  A swamp drake (D:9)
  A porcupine (Lair:1)
  2 ice beasts
  A black bear (D:9)
  3 ogres
  3 sky beasts
  10 wolves (Lair:1)
  2 crocodiles (Lair:1)
  A centaur (D:5)
  2 big kobolds
  5 bullfrogs
  A gnoll sergeant (D:9)
  A wyvern zombie (D:10)
  5 scorpions
  3 wights (D:7)
  2 howler monkeys
  4 crimson imps
  A quasit (D:9)
  A bullfrog zombie (D:7)
  7 hounds
  5 jellies
  2 bullfrog skeletons
  A gnoll shaman (D:9)
  3 orc priests
  9 orc wizards
  Ijyb (D:5)
  2 centaur skeletons
  2 iguanas
  4 worker ants
  A howler monkey zombie (D:6)
  17 adders
  12 gnolls
  A river rat (D:3)
  A shadow imp (D:9)
  An ooze (D:5)
  An adder zombie (D:7)
  An adder skeleton (D:7)
  2 worms
  8 leopard geckos
  31 orcs
  4 giant cockroaches
  10 goblins
  14 hobgoblins
  17 jackals
  7 quokkas
  6 ball pythons
  8 bats
  5 frilled lizards
  10 kobolds
  A leopard gecko skeleton (D:3)
  A quokka skeleton (D:4)
  18 rats
298 creatures vanquished.

Vanquished Creatures (others)
  2 slaves (D:9)
  An ogre (D:7)
  A water moccasin zombie (D:9)
  A howler monkey (D:9)
  A gnoll (D:9)
  A howler monkey skeleton (D:9)
  A goblin (D:2)
  2 kobolds (D:7)
  A fungus (Lair:1)
  A plant (Lair:1)
12 creatures vanquished.

Grand Total: 310 creatures vanquished

Notes
Turn   | Place    | Note
-------+----------+-------------------------------------------
     0 | D:1      | Ordine the Deep Elf Wizard began the quest for the Orb.
     0 | D:1      | Reached XP level 1. HP: 10/10 MP: 7/7
   160 | D:1      | Reached XP level 2. HP: 15/15 MP: 6/9
   164 | D:1      | Learned a level 2 spell: Blink
  1006 | D:1      | Reached XP level 3. HP: 17/19 MP: 4/11
  1011 | D:1      | Learned a level 3 spell: Conjure Flame
  1015 | D:1      | Learned a level 3 spell: Mephitic Cloud
  1077 | D:1      | Reached skill level 5 in Spellcasting
  1663 | D:2      | Found a hazy altar of Hepliaklqana.
  1665 | D:2      | Found a shimmering altar of Xom.
  1665 | D:2      | Noticed an insubstantial wisp
  1666 | D:2      | Noticed an insubstantial wisp
  1666 | D:2      | Noticed a spectral ugly thing
  1691 | D:2      | Reached XP level 4. HP: 24/24 MP: 0/13
  1834 | D:2      | Reached skill level 1 in Short Blades
  1860 | D:2      | Reached skill level 1 in Fire Magic
  2410 | D:3      | Reached XP level 5. HP: 27/28 MP: 5/14
  2554 | D:3      | Found a glowing drain.
  2604 | Sewer    | Entered a sewer
  2770 | Sewer    | Reached skill level 1 in Air Magic
  2899 | Sewer    | Found a white marble altar of Elyvilon.
  3047 | D:3      | Reached XP level 6. HP: 15/32 MP: 0/15
  4157 | D:4      | Found a bloodstained altar of Trog.
  4562 | D:4      | Reached skill level 5 in Conjurations
  4624 | D:4      | Found an opulent altar of Gozag.
  4626 | D:4      | Found a glowing silver altar of Zin.
  4659 | D:4      | Reached XP level 7. HP: 36/36 MP: 10/16
  4686 | D:5      | Entered Level 5 of the Dungeon
  5124 | D:5      | Found a staircase to the Ecumenical Temple.
  5130 | Temple   | Entered the Ecumenical Temple
  5145 | Temple   | Became a worshipper of Vehumet
  5239 | D:5      | Noticed Eustachio
  5249 | D:5      | Killed Eustachio
  5249 | D:5      | Reached skill level 5 in Stealth
  5370 | D:5      | Reached XP level 8. HP: 41/41 MP: 5/17
  5892 | D:5      | Noticed Sigmund
  5901 | D:5      | Noticed Ijyb
  5901 | D:5      | Killed Sigmund
  5907 | D:5      | Killed Ijyb
  5914 | D:5      | Reached skill level 1 in Fighting
  6053 | D:5      | Reached skill level 1 in Armour
  6540 | D:6      | Learned a level 5 spell: Iskenderun's Battlesphere
  6728 | D:6      | Found an ancient bone altar of Kikubaaqudgha.
  6731 | D:6      | Found an ornate altar of the Wu Jian Council.
  6734 | D:6      | Found a shattered altar of Ashenzari.
  6737 | D:6      | Found a hide-covered altar of Uskayaw.
  6780 | D:6      | Reached skill level 1 in Charms
  6993 | D:6      | Found a blossoming altar of Fedhas.
  7005 | D:6      | Found Medoteck's Antique Armour Shop.
  7008 | D:6      | Bought a glowing hat for 182 gold pieces
  7064 | D:6      | Reached * piety under Vehumet
  7064 | D:6      | Offered knowledge of Sting by Vehumet.
  7583 | D:6      | Found an iron altar of Okawaru.
  8079 | D:6      | Reached XP level 9. HP: 48/48 MP: 8/18
  8880 | D:8      | Noticed Psyche
  8912 | D:8      | HP: 1/48 [disintegration (10)]
  9044 | D:7      | Killed Psyche
  9189 | D:8      | Reached skill level 5 in Dodging
  9560 | D:8      | Reached skill level 5 in Short Blades
  9561 | D:8      | Noticed a two-headed ogre
  9584 | D:7      | Reached ** piety under Vehumet
  9584 | D:7      | Offered knowledge of Freeze by Vehumet.
  9734 | D:8      | Found a burning altar of Makhleb.
  9783 | D:8      | Found Dyxatuex's Armour Shop.
  9905 | D:8      | Found a sacrificial altar of Ru.
 10060 | D:8      | Killed a two-headed ogre
 10060 | D:8      | Reached skill level 5 in Charms
 10060 | D:8      | Reached XP level 10. HP: 39/56 MP: 5/22
 11091 | D:9      | Found Syvi's Quality Used Wands.
 11114 | D:9      | Found a staircase to the Lair.
 11468 | D:9      | Noticed Pikel
 11512 | D:8      | Killed Pikel
 12171 | D:9      | Learned a level 5 spell: Bolt of Magma
 12222 | D:9      | Offered knowledge of Inner Flame by Vehumet.
 12293 | D:9      | Noticed a two-headed ogre
 12302 | D:9      | Killed a two-headed ogre
 12314 | D:9      | Found a staircase to the Orcish Mines.
 12789 | D:10     | Entered Level 10 of the Dungeon
 12792 | D:10     | Found a shattered altar of Ashenzari.
 13136 | D:10     | Reached *** piety under Vehumet
 13228 | D:10     | Found Dovarusm's Food Shop.
 13680 | Lair:1   | Entered Level 1 of the Lair of Beasts
 13698 | Lair:1   | Reached skill level 1 in Shields
 13714 | Lair:1   | Reached XP level 11. HP: 61/61 MP: 7/26
 14244 | Lair:1   | Offered knowledge of Iskenderun's Mystic Blast by Vehumet.
 14824 | Lair:1   | Learned a level 1 spell: Apportation
 15703 | Lair:2   | Noticed Urug
 15871 | Lair:1   | Mangled by a yak

Vault maps used:
D:1:      co_arrival_random_square_maze, minmay_small_reverse_x
D:2:      regret_index_temple_of_mockery, lemuel_another_geyser
D:3:      first_bread, portal_sewer_entry_b
D:4:      grunt_temple_overflow_gold_and_silver, grunt_decor_arrowhead,
          trog_butcher_becter
D:5:      minmay_temple_entry_metal_lava, uniq_sigmund, uniq_ijyb,
          uniq_eustachio
D:6:      lemuel_coloured_pillars_altar, lemuel_round_altar,
          grunt_temple_overflow_cloverleaf, serial_shops, kennysheep_mini
D:7:      grunt_ogre_cave
D:8:      overflow_temple_1_default, lemuel_round_altar, serial_shops,
          shop_fountains, minivault_25, uniq_psyche
D:9:      lair_entry_dummy, erik_orc_1, nicolae_for_you_no_charge, uniq_pikel
D:10:     serial_shops, nicolae_shop_trees, minmay_misc_feat_doors,
          nicolae_ashenzari_panopticon
Temple:   zaba_magenta_temple
Lair:1:   beast_lair_carwin_9, grunt_megastairs_1
Lair:2:   ice2_lemuel, grunt_megastairs_3, uniq_urug, uniq_gastronok,
          uniq_harold
Sewer:    sewer_kobolds

Skill      XL: |  1  2  3  4  5  6  7  8  9 10 11 |
---------------+----------------------------------+-----
Conjurations   | 2 3 4 5 6 7 8 9 |  9.2
Spellcasting   | 5 6 9 |  9.8
Translocations | 2 |  2.0
Short Blades   | 1 2 3 4 5 6 |  6.8
Fire Magic     | 1 2 3 4 |  4.6
Stealth        | 3 4 5 6 7 |  7.0
Air Magic      | 1 2 3 |  3.0
Fighting       | 1 3 4 |  4.7
Dodging        | 4 5 7 |  7.8
Armour         | 1 2 |  2.0
Charms         | 2 5 7 |  7.0
Shields        | 2 4 |  4.0
Summonings     | |  1.1

Action                   |  1- 3 |  4- 6 |  7- 9 | 10-12 || total
-------------------------+-------+-------+-------+-------++-------
Melee: Dagger            |    16 |    36 |    21 |    11 ||    84
       Short sword       |     1 |       |       |       ||     1
 Cast: Magic Dart        |   109 |   220 |   400 |   362 ||  1091
       Mephitic Cloud    |       |     4 |    14 |     6 ||    24
       Conjure Flame     |       |     1 |     8 |     1 ||    10
       Blink             |       |       |     4 |    12 ||    16
       Iskenderun's Batt |       |       |       |    44 ||    44
  Use: Scroll            |     3 |     2 |     9 |     9 ||    23
       Potion            |       |       |     1 |       ||     1
 Stab: Confused          |       |       |     2 |       ||     2
  Eat: Chunk             |     2 |     9 |    12 |    15 ||    38
       Bread ration      |       |       |     1 |     2 ||     3
Armor: Robe              |     8 |    21 |    44 |    47 ||   120
Dodge: Dodged            |    29 |    39 |   104 |   140 ||   312
Block: Buckler           |       |       |       |    21 ||    21
